 Dungeon Crawl Stone Soup version 0.31-a0-1096-g246cf0196b (webtiles) character file.

Game seed: 495533802642643229

51 Dirtsage the Changeling (level 3, -1/24 HPs)
             Began as an Octopode Shapeshifter on Nov 28, 2023.
             Succumbed to an adder's poison
             ... on level 2 of the Dungeon on Nov 29, 2023.
             The game lasted 00:02:15 (1130 turns).

Dirtsage the Changeling (Octopode Shapeshifter)     Turns: 1130, Time: 00:02:15

Health: -1/24      AC:  1    Str: 15    XL:     3   Next: 81%
Magic:  3/3        EV: 13    Int: 12    God:
Gold:   128        SH:  0    Dex: 11    Spells: 2/2 levels left

rFire   . .          .
                       - Unarmed
rCold   . . .        (no shield)
rNeg    . . .        (helmet currently unavailable)
rPois   .            (no amulet)
rElec   .            n - ring of willpower
rCorr   .            (no ring)
SInv    .            (no ring)
Will    +....        (no ring)
Stlth   ++           (no ring)
HPRegen 0.24/turn    (no ring)
MPRegen 0.08/turn    (no ring)
                     (no ring)

%: no passive effects
@: lethally poisoned (-1 -> -7), beast-form
A: beast (slay +2), almost no armour, amphibious, 8 rings, camouflage 1,
gelatinous body 1, (nimble swimmer 1), tentacles
a: Begin Untransformation


You were on level 2 of the Dungeon.
You were a hulking beast.
You visited 1 branch of the dungeon, and saw 2 of its levels.

You collected 128 gold pieces.

Inventory:

Magical Staves
 h - a staff of air
Jewellery
 m - an amulet of magic regeneration
 n - a ring of willpower (left tentacle)
Talismans
 b - a beast talisman
 c - a flux talisman
Wands
 l - a wand of mindburst (19)
Scrolls
 f - 3 scrolls of poison {unknown}
 i - a scroll of noise {unknown}
 o - a scroll of identify {unknown}
Potions
 a - a potion of lignification
 d - 2 potions of brilliance {unknown}
 e - a potion of magic {unknown}
 g - a potion of enlightenment {unknown}
 j - 2 potions of haste {unknown}
 k - a potion of degeneration {unknown}


   Skills:
 + Level 1.8 Fighting
 - Level 2.0 Dodging
 + Level 3.4 Unarmed Combat
 * Level 3.7 Shapeshifting


You had 2 spell levels left.
You didn't know any spells.
Your spell library was empty.

Dungeon Overview and Level Annotations

Branches:
Dungeon (2/15)

Altars:

Shops:
D:1 *


Innate Abilities, Weirdness & Mutations

You are a hulking beast.
Your limbs bulge with bestial killing power. (Slay +2)
You cannot wear most types of armour.
You are amphibious.
You can wear up to eight rings at the same time.
Your skin changes colour to match your surroundings (Stealth+).
Your rubbery body absorbs attacks. (AC +1, EV +1)
((You are camouflaged when in or above water. (Stealth+)))
You have tentacles for arms and can constrict up to eight enemies at once.


Message History

The adder is heavily wounded.
The adder bites you.
You are poisoned.
The adder poisons you! The ball python bites you.
The ball python closely misses you.
You take 4 damage, and have 20/24 hp.
You tentacle-slap the adder but do no damage.
Your grab misses the adder.
The adder is heavily wounded.
You feel sick.
The ball python hisses angrily.
The adder bites you. The ball python misses you.
The ball python completely misses you. The adder bites you.
You take 8 damage, and have 12/24 hp.
MASSIVE DAMAGE!!
You are too injured to fight recklessly!
You feel sick. The adder attacks as it pursues you! The adder bites you.
You are more poisoned.
The adder poisons you!
You take 3 damage, and have 9/24 hp.
You feel sick.
The ball python attacks as it pursues you!
The ball python bites you.
* * * LOW HITPOINT WARNING * * *
The ball python misses you. The adder attacks as it pursues you!
The adder bites you.
* * * LOW HITPOINT WARNING * * *
The ball python bites you.
* * * LOW HITPOINT WARNING * * *
The ball python closely misses you.
You take 5 damage, and have 4/24 hp.
MASSIVE DAMAGE!!
* * * LOW HITPOINT WARNING * * *
You feel sick. The adder misses you. The adder closely misses you.
You take 1 damage, and have 3/24 hp.
* * * LOW HITPOINT WARNING * * *
You feel sick. The adder attacks as it pursues you! The adder bites you.
* * * LOW HITPOINT WARNING * * *
You are more poisoned.
The adder poisons you!
You take 2 damage, and have 1/24 hp.
You die...

#.##......#.#...##
#.##.#.#...##<#.##
#.##.##...........
#.#..#............
#.#.##.#######..##
#.#...... #..#
#.#...... #..#
#.#...... #..#
#h..# #..## ##.S##
## #.... ##S.##
..## #.### #..SS##
S...# #.# #
#.#...#...# #.# #
####.....#
####.### ##._.##
#....... .....#
####.##. ...#...#
#.##.


You could see 2 adders and 2 ball pythons.

Vanquished Creatures
  An adder (D:2)
  2 dart slugs (D:1)
  5 ball pythons
  3 bats
  6 endoplasms
  2 giant cockroaches
  A goblin (D:1)
  3 hobgoblins (D:1)
  4 kobolds
  2 quokkas (D:1)
  A frilled lizard (D:2)
  5 rats
35 creatures vanquished.

Notes
Turn   | Place    | Note
-------+----------+-------------------------------------------
     0 | D:1      | Dirtsage the Octopode Shapeshifter began the quest for the
                  | Orb.
     0 | D:1      | Reached XP level 1. HP: 13/13 MP: 1/1
   100 | D:1      | Reached XP level 2. HP: 18/18 MP: 2/2
   390 | D:1      | Found Niunid's Assorted Antiques.
   402 | D:1      | Reached XP level 3. HP: 23/23 MP: 3/3
   557 | D:1      | Upgraded the game from 0.31-a0-1091-g283494c966 to
                  | 0.31-a0-1096-g246cf0196b
  1119 | D:2      | Found a faded altar of an unknown god.
  1129 | D:2      | HP: 1/24 [adder (1)]
  1130 | D:2      | Succumbed to an adder's poison

Illustrated notes

Levels and vault maps discovered:
D:1:      minmay_arrival_semitransparent, layout_loops_ring, serial_shops, shop
D:2:      wad_pebble_path, layout_loops_ring, nicolae_ecumenical_snake_handling

Action                     || total
---------------------------++-------
  Melee: Unarmed           ||    60
         Tentacles         ||     8
         Constrict         ||    10
   Stab: Sleeping          ||     9
 Armour: Skin              ||    18
  Dodge: Dodged            ||    38

Table legend: (Time is in decaauts)
 A = Elapsed time spent in this place.
 B = Non-inter-level travel time spent in this place.
 C = Inter-level travel time spent in this place.
 D = Time resting spent in this place.
 E = Time spent auto-exploring this place.
 F = Levels seen in this place.
 G = Mean time per level.
                   A        B        C        D        E       F      G
               +--------+--------+--------+--------+--------+-----+--------+
         Total |   1125 |   1100 |     25 |      0 |    891 |   2 |  562.5 |
       Dungeon |   1125 |   1100 |     25 |      0 |    891 |   2 |  562.5 |
               +--------+--------+--------+--------+--------+-----+--------+

Top non-repeatable levels by time:
     D:1: 580 daAuts
     D:2: 544 daAuts
